 Dungeon Crawl Stone Soup version 0.17-a0-764-gd40c196 (webtiles) character file.

445 Maocescu the Slasher (level 6, -1/48 HPs)
             Began as a Draconian Warper on Apr 23, 2015.
             Was an Initiate of Ru.
             Slain by a water moccasin (6 damage)
             ... on level 4 of the Dungeon.
             The game lasted 00:21:14 (4657 turns).

Maocescu the Slasher (Draconian Warper)             Turns: 4657, Time: 00:21:14

Health: -1/48      AC:  6    Str: 13    XL:     6   Next: 72%
Magic:  7/9        EV: 11    Int: 16    God:    Ru [......]
Gold:   119        SH:  3    Dex: 10    Spells: 4 memorised, 1 level left

rFire  . . .     SeeInvis .     a - +0 falchion
rCold  . . .     Clarity  .     (armour unavailable)
rNeg   . . .     SustAb   .     o - +0 buckler
rPois  .         Gourm    .     (helmet restricted)
rElec  .         Spirit   .     (no cloak)
rCorr  .         Warding  .     (no gloves)
rMut   .         Stasis   .     (no boots)
MR     .....                    (no amulet)
Stlth  +.........               (no ring)
                                (no ring)

@: lethally poisoned (-1 -> -9), not resistant to hostile enchantments, very
unstealthy
A: unfitting armour, cold-blooded, AC +6
a: Renounce Religion


You were on level 4 of the Dungeon.
You worshipped Ru.
Ru was noncommittal.
You were not hungry.

You visited 2 branches of the dungeon, and saw 5 of its levels.

You collected 119 gold pieces.

Inventory:

Hand weapons
 a - a +0 falchion (weapon)
Missiles
 d - 3 javelins (quivered)
Armour
 o - a +0 buckler (worn)
Scrolls
 c - 2 scrolls of blinking
 j - 2 scrolls of remove curse {unknown}
 l - 3 scrolls of identify {unknown}
 m - a scroll of fog {unknown}
 p - 2 scrolls of teleportation {unknown}
 q - 2 scrolls of immolation {unknown}
 u - a scroll of magic mapping {unknown}
Potions
 f - a potion of restore abilities
 h - a potion of invisibility
 n - a potion of ambrosia {unknown}
 r - 2 potions of poison {unknown}
 s - 2 potions of flight {unknown}
 v - a potion of haste {unknown}
Books
 b - a book of Spatial Translocations

   Spells                             Type                      Level
   a - Apportation                    Translocation                1
   b - Blink                          Translocation                2
   c - Shroud of Golubria             Charms/Translocation         2
   d - Portal Projectile              Translocation                3
   e - Teleport Other                 Translocation                3
   f - Passage of Golubria            Translocation                4
Comestibles
 g - 3 meat rations
 i - a royal jelly
 k - a bread ration
 t - 4 fruits


   Skills:
 - Level 2.1 Fighting
 * Level 7.0 Long Blades
 - Level 0.8 Throwing
 + Level 2.9 Dodging
 - Level 2.0 Spellcasting
 - Level 3.0 Translocations


You had one spell level left.
You knew the following spells:

 Your Spells              Type           Power        Failure   Level  Hunger
a - Apportation           Tloc           ##........   12%         1    #......
b - Blink                 Tloc           N/A          17%         2    ###....
c - Shroud of Golubria    Chrm/Tloc      #.........   28%         2    ###....
d - Teleport Other        Tloc           ##......     30%         3    ###....


Dungeon Overview and Level Annotations

Branches:
Dungeon (4/15)             Temple (1/1) D:4

Altars:
Ashenzari
Cheibriados
Dithmenos
Elyvilon
Fedhas
Makhleb
Qazlal
Ru
Trog
Vehumet
Xom
The Shining One


Innate Abilities, Weirdness & Mutations

Your plain brown scales are hard (AC +6).
Your body does not fit into most forms of armour.
You are cold-blooded and may be slowed by cold attacks.


Message History

The javelin closely misses the water moccasin.
You feel sick.
Throwing (i - inventory):
d - 4 javelins (quivered)
Press: ? - help, Shift-Dir - straight line, f/p - water moccasin
Aim: a water moccasin (heavily wounded)
You throw a javelin.
The javelin hits the water moccasin but does no damage.
The water moccasin is heavily wounded.
You feel sick.
You miss the water moccasin.
The water moccasin is heavily wounded.
* * * LOW HITPOINT WARNING * * *
You feel sick. You block the water moccasin's attack.
The water moccasin bites you.
* * * LOW HITPOINT WARNING * * *
You miss the water moccasin.
The water moccasin is heavily wounded.
* * * LOW HITPOINT WARNING * * *
You feel sick. The water moccasin bites you.
You die...

#..... ####...........###
#####..... #.................
.......... #.#.#.#.#.#.#.....
#####...# ######.................
.[..#...# #........⌠.....⌠.......
###.#...###..........._..........
...<...............⌠.....⌠...####
###......(.............).....#
##+....###(...(S@#.#.#.#.#.#.#
⌠#######⌠##..................#
..##♣##...##................##
#..'.'..#._#................#
..##.##...##..#######.......#
⌠##♣.♣##⌠##...# #.......#
####'#####....# #.......#
#.......#.....#######.......#
[...#...#...................#


You could see a water moccasin.

Vanquished Creatures
  The ghost of Viceroy the Charmwright, an average HESk (D:3)
  A scorpion (D:4)
  4 hounds (D:4)
  2 worker ants (D:4)
  A gnoll (D:1)
  6 adders
  An ooze (D:3)
  An adder skeleton (D:4)
  4 worms
  4 giant geckos
  7 bats
  4 giant cockroaches
  5 hobgoblins
  4 jackals (D:4)
  7 kobolds
  3 ball pythons
  4 giant newts
  18 goblins
  A jackal skeleton (D:4)
  3 quokkas
  5 rats
86 creatures vanquished.

Notes
Turn   | Place    | Note
--------------------------------------------------------------
     0 | D:1      | Maocescu, the Draconian Warper, began the quest for the Orb.
     0 | D:1      | Reached XP level 1. HP: 17/17 MP: 3/3
   298 | D:1      | Reached XP level 2. HP: 24/24 MP: 5/5
   531 | D:1      | Learned a level 2 spell: Blink
   567 | D:1      | Learned a level 2 spell: Shroud of Golubria
  1005 | D:2      | Reached XP level 3. HP: 27/29 MP: 6/6
  1386 | D:2      | Reached skill level 4 in Long Blades
  2190 | D:3      | Reached XP level 4. HP: 28/36 MP: 3/7
  2256 | D:3      | Noticed Viceroy's ghost (average HESk)
  2323 | D:3      | Killed Viceroy's ghost
  2323 | D:3      | Reached skill level 5 in Long Blades
  2323 | D:3      | Reached XP level 5. HP: 4/41 MP: 8/8
  2830 | D:3      | Found a radiant altar of Vehumet.
  3249 | D:3      | Learned a level 3 spell: Teleport Other
  3265 | D:4      | Found a shadowy altar of Dithmenos.
  3273 | D:4      | Found a glowing golden altar of the Shining One.
  3348 | D:4      | Reached skill level 6 in Long Blades
  3469 | D:4      | HP: 2/41 [poisoned by a worker ant]
  3615 | D:4      | Reached XP level 6. HP: 23/48 MP: 9/9
  3759 | D:4      | Found a white marble altar of Elyvilon.
  3823 | D:4      | Found a staircase to the Ecumenical Temple.
  3828 | Temple   | Entered the Ecumenical Temple
  3845 | Temple   | Became a worshipper of Ru the Awakened
  4291 | D:4      | Reached skill level 7 in Long Blades
  4633 | D:4      | Noticed a water moccasin
  4657 | D:4      | Slain by a water moccasin

Action                   |  1- 3 |  4- 6 || total
-------------------------+-------+-------++-------
Melee: Falchion          |   153 |   268 ||   421
Throw: Tomahawk          |       |     8 ||     8
       Javelin           |       |     3 ||     3
 Cast: Shroud of Golubri |     1 |     9 ||    10
       Blink             |     1 |     2 ||     3
  Use: Potion            |       |     4 ||     4
  Eat: Chunk             |     4 |     5 ||     9
       Bread ration      |       |     1 ||     1
